 Dungeon Crawl Stone Soup version 0.16-a0-4038-ge07a62f (webtiles) character file.

515 BluebellGnoll the Cudgeler (level 7, 41/41 HPs)
             Began as a Gargoyle Skald on Feb 19, 2015.
             Was an Initiate of Ashenzari.
             Quit the game on level 4 of the Dungeon.
             The game lasted 00:20:40 (4304 turns).

BluebellGnoll the Cudgeler (Gargoyle Skald)         Turns: 4304, Time: 00:20:40

Health: 41/41      AC: 11    Str: 16    XL:     7   Next: 20%
Magic:  12/12      EV: 11    Int: 14    God:    Ashenzari [......]
Gold:   259        SH:  0    Dex:  9    Spells: 4 memorised, 2 levels left

rFire  . . .     SeeInvis .     y - +0 whip (curse)
rCold  . . .     Clarity  .     b - +0 leather armour
rNeg   + . .     SustAb   .     (no shield)
rPois  ∞         Gourm    .     (no helmet)
rElec  +         Spirit   .     n - +0 cloak
rCorr  .         Warding  .     e - +0 pair of gloves
rMut   .         Stasis   .     k - +0 pair of boots
MR     .....                    (no amulet)
Stlth  +.........               (no ring)
                                g - ring of wizardry

@: not resistant to hostile enchantments, very unstealthy
A: negative energy resistance 1, electricity resistance, unbreathing,
petrification resistance, rot immunity, AC +4
a: Renounce Religion


You were on level 4 of the Dungeon.
You worshipped Ashenzari.
Ashenzari was noncommittal.
You were not hungry.

You visited 2 branches of the dungeon, and saw 5 of its levels.

You collected 259 gold pieces.

Inventory:

Hand weapons
 y - a cursed +0 whip (weapon)
 C - a +2 vampiric whip
Missiles
 h - 164 stones
 A - 6 tomahawks (quivered)
Armour
 b - a +0 leather armour (worn)
 e - a +0 pair of gloves (worn)
 k - a +0 pair of boots (worn)
 n - a +0 cloak (worn)
Jewellery
 g - a ring of wizardry (left hand)
Scrolls
 a - a scroll of blinking {unknown}
 i - 2 scrolls of teleportation {unknown}
 j - a scroll of fear {unknown}
 l - a scroll of random uselessness {unknown}
 o - a scroll of amnesia {unknown}
 q - a scroll of magic mapping {unknown}
 s - a scroll of noise {unknown}
 w - a scroll of remove curse
 x - a scroll of enchant weapon {unknown}
Potions
 m - 2 potions of heal wounds {unknown}
 p - 2 potions of agility
 r - 4 potions of curing {unknown}
 u - a potion of cure mutation {unknown}
 v - a potion of poison {unknown}
Books
 c - a book of Battle

   Spells                             Type                      Level
   a - Infusion                       Charms                       1
   b - Shroud of Golubria             Charms/Translocation         2
   c - Song of Slaying                Charms                       2
   d - Spectral Weapon                Hexes/Charms                 3
   e - Regeneration                   Charms/Necromancy            3
Comestibles
 d - 7 bread rations
 f - 4 meat rations
 t - 3 fruits
 z - a chunk of flesh
 B - a slice of pizza


   Skills:
 + Level 3.3 Fighting
 - Level 7.2 Maces & Flails
 - Level 1.1 Armour
 - Level 0.7 Dodging
 - Level 2.0 Spellcasting
 - Level 2.6 Charms


You had 2 spell levels left.
You knew the following spells:

 Your Spells              Type           Power        Failure   Level  Hunger
a - Infusion              Chrm           #.....       4%          1    ##.....
b - Shroud of Golubria    Chrm/Tloc      #.........   12%         2    ###....
c - Song of Slaying       Chrm           #.......     7%          2    ###....
d - Regeneration          Chrm/Necr      #.........   30%         3    ####...


Dungeon Overview and Level Annotations

Branches:
Dungeon (4/15)             Temple (1/1) D:4

Altars:
Ashenzari
Cheibriados
Dithmenos
Fedhas
Gozag
Makhleb
Nemelex Xobeh
Qazlal
Ru
Sif Muna
Trog
Vehumet
Xom
Yredelemnul
Zin
The Shining One


Innate Abilities, Weirdness & Mutations

You are resistant to torment.
You are immune to poison.
Your stone body is very resilient (AC +4).
You resist negative energy.
You are resistant to electric shocks.
You can survive without breathing.
You are immune to petrification.
You are immune to rotting.


Message History

Things that are here:
a cursed -1 dagger; a +0 hunting sling; an uncursed leather armour Eat one of 2 chunks of flesh? (ye/n/q/i?) This raw flesh tastes terrible.
You continue eating. x2
Okay, then.
Use which ability? (? or * to list)
Okay, then.
Found 26 arrows.
Found a stone staircase leading down.
There is an open door here.
Found 11 poisoned needles.
There is an open door here.
Magic restored.
You see here 11 poisoned needles.
B - a slice of pizza
There is an open door here.
There is an open door here.
A scorpion comes into view.
Are you sure you want to abandon this character and quit the game? (Confirm with "yes".)

##### . #.# #.#
###########
##.#####.........#
.........#######@#
############
.#.#####.# #.#
#)).).......
....####.##### #.#
#.######....
.............# #.#
#.#.........
.....###.###.# #s#
#.#.###..#.#
.#.### #... .(#
#.#.# #....#
.#.#####..## #.#
#.#.###..###
..>.......# #.#
#.#......#
##'######.# #.#
#.###.##.#


You could see a scorpion.

Vanquished Creatures
  An ogre (D:4)
  An orc priest (D:3)
  2 hounds (D:4)
  An iguana (D:4)
  5 worker ants (D:4)
  4 orc wizards (D:4)
  2 adders (D:2)
  A gnoll (D:1)
  3 worms (D:2)
  A giant gecko (D:2)
  10 orcs
  A ball python (D:2)
  3 giant cockroaches
  10 hobgoblins
  A jackal (D:2)
  12 bats
  4 giant newts (D:2)
  9 goblins
  5 kobolds
  6 rats
82 creatures vanquished.

Vanquished Creatures (others)
  An orc (D:4)
1 creature vanquished.

Grand Total: 83 creatures vanquished

Notes
Turn   | Place    | Note
--------------------------------------------------------------
     0 | D:1      | BluebellGnoll, the Gargoyle Skald, began the quest for the Orb.
     0 | D:1      | Reached XP level 1. HP: 12/12 MP: 3/3
   290 | D:1      | Reached XP level 2. HP: 18/18 MP: 0/4
   558 | D:1      | Learned a level 2 spell: Shroud of Golubria
   561 | D:1      | Learned a level 2 spell: Song of Slaying
   772 | D:1      | Reached XP level 3. HP: 22/22 MP: 0/6
  1021 | D:2      | Reached skill level 3 in Maces & Flails
  1409 | D:2      | Found a sacrificial altar of Ru.
  1467 | D:2      | Reached XP level 4. HP: 8/28 MP: 1/7
  1773 | D:2      | Found a glowing silver altar of Zin.
  2017 | D:2      | Reached skill level 4 in Maces & Flails
  2395 | D:3      | Found a shadowy altar of Dithmenos.
  2537 | D:3      | Reached XP level 5. HP: 17/32 MP: 6/9
  2691 | D:3      | Learned a level 3 spell: Regeneration
  2863 | D:4      | Reached skill level 5 in Maces & Flails
  3041 | D:4      | Reached XP level 6. HP: 13/37 MP: 0/10
  3231 | D:4      | Found a staircase to the Ecumenical Temple.
  3255 | Temple   | Entered the Ecumenical Temple
  3319 | Temple   | Became a worshipper of Ashenzari the Shackled
  3416 | D:4      | Reached skill level 6 in Maces & Flails
  3442 | D:4      | Noticed an ogre
  3452 | D:4      | Killed an ogre
  3728 | D:4      | Reached XP level 7. HP: 23/41 MP: 1/12
  3958 | D:4      | Reached skill level 7 in Maces & Flails
  4304 | D:4      | Quit the game

Action                   |  1- 3 |  4- 6 |  7- 9 || total
-------------------------+-------+-------+-------++-------
Melee: Mace              |   121 |    53 |       ||   174
       Whip              |       |   190 |    80 ||   270
Throw: Stone             |    26 |    25 |       ||    51
       Tomahawk          |       |     5 |     5 ||    10
 Cast: Infusion          |    14 |    19 |     4 ||    37
       Shroud of Golubri |       |    13 |     3 ||    16
       Song of Slaying   |       |     4 |       ||     4
       Regeneration      |       |       |     1 ||     1
  Use: Potion            |       |     1 |       ||     1
 Stab: Paralysed         |     1 |       |       ||     1
  Eat: Chunk             |     2 |     8 |     2 ||    12
       Pizza             |       |     1 |       ||     1
